 Dungeon Crawl Stone Soup version 0.17-a0-2014-g32cd421 (webtiles) character file.

411 Ijustatesigmund the Sneak (level 6, 0/38 HPs)
             Began as an Octopode Transmuter on Oct 9, 2015.
             Slain by a centaur zombie (6 damage)
             ... on level 5 of the Dungeon.
             The game lasted 00:24:08 (4304 turns).

Ijustatesigmund the Sneak (Octopode Transmuter)     Turns: 4304, Time: 00:24:08

Health: 0/38       AC:  1    Str:  9    XL:     6   Next: 90%
Magic:  5/10       EV: 12    Int: 18    God:
Gold:   195        SH:  0    Dex: 12    Spells: 3 memorised, 4 levels left

rFire  . . .     SeeInvis .     k - +0 short sword
rCold  . . .     Clarity  .     (no shield)
rNeg   + . .     SustAt   .     (helmet restricted)
rPois  +         Gourm    .     (no amulet)
rElec  .         Spirit   .     j - ring of positive energy
rCorr  .         Warding  .     (no ring)
rMut   .         Stasis   .     (no ring)
MR     .....                    (no ring)
Stlth  ++++......               (no ring)
                                (no ring)
                                (no ring)
                                (no ring)

@: not resistant to hostile enchantments, stealthy
A: almost no armour, amphibious, 8 rings, constrict 8, camouflage 1, poison
resistance, gelatinous body 1
a: no special abilities


You were on level 5 of the Dungeon.
You were hungry.

You visited 1 branch of the dungeon, and saw 5 of its levels.
You also visited: Ossuary.

You collected 195 gold pieces.

Inventory:

Hand Weapons
 k - a +0 short sword (weapon)
Missiles
 a - 23 arrows
Armour
 t - a +0 buckler
Jewellery
 j - a ring of positive energy (left tentacle)
Scrolls
 i - 3 scrolls of remove curse
 l - a scroll of magic mapping
 o - 2 scrolls of teleportation
 p - a scroll of vulnerability {unknown}
 w - a scroll of amnesia
Potions
 d - a potion of cancellation {unknown}
 e - 2 potions of curing
 g - 3 potions of flight
 h - 2 potions of haste
 m - a potion of lignification
 n - a potion of agility
 q - a potion of brilliance
 r - a potion of ambrosia
 s - a potion of magic {unknown}
Books
 b - a book of Changes

   Spells                             Type                      Level
   a - Beastly Appendage              Transmutation                1
   b - Sticks to Snakes               Transmutation                2
   c - Spider Form                    Transmutation/Poison         3
   d - Ice Form                       Ice/Transmutation            4
   e - Blade Hands                    Transmutation                5
Comestibles
 c - 4 bread rations
 f - 2 meat rations
 u - 5 chunks of flesh
 v - a beef jerky


   Skills:
 - Level 1.0 Fighting
 - Level 3.0 Short Blades
 - Level 2.0 Dodging
 - Level 4.2 Stealth
 - Level 3.0 Unarmed Combat
 + Level 2.7 Spellcasting
 + Level 4.0 Transmutations
 + Level 3.2 Poison Magic


You had 4 spell levels left.
You knew the following spells:

 Your Spells              Type           Power        Failure   Level  Hunger
a - Beastly Appendage     Trmt           ###...       3%          1    None
b - Sticks to Snakes      Trmt           ###.......   6%          2    ##.....
c - Spider Form           Trmt/Pois      ###.......   14%         3    ###....


Dungeon Overview and Level Annotations

Branches:
Dungeon (5/15)
 Temple: D:4-7

Altars:
Fedhas
Kikubaaqudgha
Nemelex Xobeh
Qazlal
Vehumet


Innate Abilities, Weirdness & Mutations

You cannot wear most types of armour.
You are amphibious.
You can wear up to eight rings at the same time.
You can use your tentacles to constrict eight enemies at once.
Your skin changes colour to match your surroundings (Stealth).
Your rubbery body absorbs attacks (AC +1).
Your system is resistant to poisons.


Message History

You create a snake!
You are feeling hungry.
Casting: Sticks to Snakes
Confirm with . or Enter, or press ? or * to list all spells.
You create a snake!
The scorpion closely misses your adder.
You swap places.
Your adder barely misses the scorpion.
Your adder completely misses the scorpion.
The scorpion stings your ball python.
Your ball python dies!
You hit the centaur zombie. The centaur zombie hits you.
Your adder bites the scorpion.
The centaur zombie barely misses you.
You hit the centaur zombie.
Your adder bites the scorpion but does no damage.
The centaur zombie hits you.
You hit the centaur zombie. The centaur zombie hits you!
* * * LOW HITPOINT WARNING * * *
Your adder bites the scorpion but does no damage.
You hit the centaur zombie but do no damage.
The centaur zombie hits you.
You die...

#..##......##........#
#..#..#...###.......## ###
#######.####)........##...
#8###8#..................#
..........###>)....##.....
........#.###).....#.(#...
........#.................
#8###8###...##.###.S...#%.
### ### ##..##.#@Zs.##....
# #..##...#### #.. #
......#.# . .........#
........... ....>..$....
......... ##########


You could see a scorpion, a centaur zombie and a friendly adder.

Vanquished Creatures
  An elf zombie (Ossuary)
  2 orc wizards (D:4)
  A human zombie (Ossuary)
  A centaur zombie (Ossuary)
  2 orc priests
  Terence (D:3)
  Natasha (D:4)
  A big kobold zombie (Ossuary)
  2 adders
  An ooze (D:1)
  2 worms (D:2)
  A giant gecko (D:5)
  3 orcs
  2 ball pythons
  5 bats
  3 giant cockroaches (D:1)
  3 goblins
  5 hobgoblins
  10 jackals
  7 kobolds
  3 quokkas
  2 giant newts
  A goblin zombie (Ossuary)
  9 hobgoblin zombies (Ossuary)
  A jackal zombie (Ossuary)
  3 kobold zombies (Ossuary)
  An orc zombie (Ossuary)
  8 rats
  2 rat zombies (Ossuary)
84 creatures vanquished.

Vanquished Creatures (collateral kills)
  2 adders (D:2)
  An adder skeleton (D:5)
  2 orcs
  A bat (D:3)
  3 jackals
  A quokka (D:3)
  A giant newt (D:2)
  2 goblin zombies (Ossuary)
  3 hobgoblin zombies (Ossuary)
  6 kobold zombies (Ossuary)
  4 orc zombies (Ossuary)
26 creatures vanquished.

Vanquished Creatures (others)
  A quokka (D:4)
1 creature vanquished.

Grand Total: 111 creatures vanquished

Notes
Turn   | Place    | Note
--------------------------------------------------------------
     0 | D:1      | Ijustatesigmund the Octopode Transmuter began the quest for the Orb.
     0 | D:1      | Reached XP level 1. HP: 13/13 MP: 3/3
   110 | D:1      | Reached skill level 1 in Stealth
   116 | D:1      | Reached XP level 2. HP: 6/18 MP: 5/5
   642 | D:1      | Learned a level 2 spell: Sticks to Snakes
   827 | D:1      | Reached XP level 3. HP: 15/23 MP: 6/6
  1368 | D:2      | Learned a level 3 spell: Spider Form
  1600 | D:2      | Found an ancient bone altar of Kikubaaqudgha.
  1600 | D:2      | Found a radiant altar of Vehumet.
  1600 | D:2      | Found a sparkling altar of Nemelex Xobeh.
  1835 | D:2      | Reached skill level 1 in Poison Magic
  1835 | D:2      | Reached XP level 4. HP: 21/28 MP: 7/7
  2311 | D:3      | Found a stormy altar of Qazlal.
  2411 | D:3      | Found a blossoming altar of Fedhas.
  2446 | D:3      | Reached skill level 1 in Short Blades
  2479 | D:3      | Noticed Terence
  2480 | D:3      | Gained mutation: Your system is resistant to poisons. [potion of beneficial mutation]
  2488 | D:3      | Killed Terence
  2503 | D:3      | Reached XP level 5. HP: 24/33 MP: 6/8
  2825 | D:4      | Noticed Natasha
  2852 | D:4      | Killed Natasha
  2872 | D:4      | Found a sand-covered staircase.
  2881 | Ossuary  | Entered an ossuary
  3310 | Ossuary  | Reached skill level 4 in Stealth
  3459 | Ossuary  | Reached XP level 6. HP: 25/38 MP: 7/9
  3912 | D:5      | Entered Level 5 of the Dungeon
  4304 | D:5      | Slain by a centaur zombie

Vault maps used:
D:1:      dpeg_arrival_boxes_within_box
D:2:      gammafunk_temple_overflow_claw
D:3:      grunt_temple_overflow_forces_of_nature, uniq_terence
D:4:      enter_ossuary_1, minmay_item_behind_shaft, elyvilon_altar_4,
          uniq_natasha
D:5:      minmay_temple_entry_statues_fountains, serial_corexii_hall,
          corexii_hall_statues_x, corexii_hall_statues_u,
          corexii_hall_statues_u, first_bread, uniq_crazy_yiuf_cottage
Ossuary:  ossuary_tomb_1

Action                   |  1- 3 |  4- 6 || total
-------------------------+-------+-------++-------
Melee: Unarmed           |    88 |    43 ||   131
       Short sword       |       |   126 ||   126
 Cast: Sticks to Snakes  |     4 |    47 ||    51
       Beastly Appendage |     3 |     1 ||     4
       Spider Form       |       |     7 ||     7
  Use: Scroll            |    12 |     8 ||    20
       Potion            |       |     6 ||     6
 Stab: Sleeping          |     7 |     7 ||    14
       Distracted        |       |     3 ||     3
  Eat: Chunk             |     3 |     5 ||     8
       Beef jerky        |       |     1 ||     1
       Meat ration       |       |     1 ||     1
